 Dungeon Crawl Stone Soup version 0.32-a0-131-g9dbbe29261 (webtiles) character file.

Game seed: 13755742668014486873

189 zeratav the Sneak (level 5, 0/37 HPs)
             Began as an Octopode Shapeshifter on Feb 8, 2024.
             Slain by an orc wizard
             ... wielding a +0 dagger
              (1 damage)
             ... on level 3 of the Dungeon.
             The game lasted 00:02:05 (1748 turns).

zeratav the Sneak (Octopode Shapeshifter)           Turns: 1748, Time: 00:02:06

Health: 0/37       AC:  1    Str: 15    XL:     5   Next: 68%
Magic:  5/5        EV: 13    Int: 12    God:
Gold:   127        SH:  0    Dex: 12    Spells: 4/4 levels left

rFire   . . .        f - +3 whip (holy) {mace}
rCold   . . .        (no shield)
rNeg    . . .        (helmet currently unavailable)
rPois   .            (no amulet)
rElec   .            (no ring)
rCorr   .            (no ring)
SInv    .            (no ring)
Will    .....        (no ring)
Stlth   ++++         (no ring)
HPRegen 0.26/turn    (no ring)
MPRegen 0.09/turn    (no ring)
                     (no ring)

%: no passive effects
@: beast-form
A: beast (slay +1), almost no armour, amphibious, 8 rings, camouflage 1,
gelatinous body 1, (nimble swimmer 1), tentacles
a: Begin Untransformation


You were on level 3 of the Dungeon.
You were a hulking beast.
You visited 1 branch of the dungeon, and saw 3 of its levels.

You collected 127 gold pieces.


Innate Abilities, Weirdness & Mutations

You are a hulking beast.
Your limbs bulge with bestial killing power. (Slay +1)
You cannot wear most types of armour.
You are amphibious.
You can wear up to eight rings at the same time.
Your skin changes colour to match your surroundings (Stealth+).
Your rubbery body absorbs attacks. (AC +1, EV +1)
((You are camouflaged when in or above water. (Stealth+)))
You have tentacles for arms and can constrict up to eight enemies at once.


   Skills:
 + Level 4.0 Fighting
 - Level 2.0 Dodging
 - Level 5.0 Stealth
 - Level 3.0 Unarmed Combat
 - Level 3.0 Shapeshifting


You had 4 spell levels left.
You didn't know any spells.
Your spell library was empty.

Inventory:

Hand Weapons
 f - a +3 whip of holy wrath (weapon) {mace}
   (You took it off a kobold on level 1 of the Dungeon)
Jewellery
 e - a ring of magical power
   (You found it on level 1 of the Dungeon)
Talismans
 b - a beast talisman
 c - a flux talisman
Wands
 m - a wand of flame (12)
   (You took it off Terence on level 2 of the Dungeon)
Scrolls
 d - a scroll of identify {unknown}
 g - a scroll of acquirement {unknown}
 h - 2 scrolls of teleportation {unknown}
 i - 2 scrolls of immolation {unknown}
 j - a scroll of enchant armour {unknown}
 l - a scroll of blinking {unknown}
 o - a scroll of noise {unknown}
 q - 2 scrolls of fog {unknown}
Potions
 a - 2 potions of lignification {!q}
 k - a potion of haste {unknown}
 n - a potion of cancellation {unknown}
 p - a potion of mutation {unknown}

Dungeon Overview and Level Annotations

Branches:
Dungeon (3/15) Zot: 16245

Altars:

#######
#).)..#####+####
#.###.){h.......
#.# ###.........
#.# #.........
####.#
#.........
#....#
########..
#.#### . #.#
###.# #<..#


There were no monsters in sight!


Message History

You climb downwards.
There is a stone staircase leading up here. 2 orcs come into view.
An orc comes into view. It is wielding a +0 whip.
An orc wizard comes into view. It is wielding a +0 dagger.
The orc shouts! x2; The orc wizard shouts!
You hear a shout!
The orc shouts!
An orc comes into view.
It is wielding a +0 hand axe and wearing a +0 ring mail of cold resistance.
You hit the orc. Your grab misses the orc. You squeeze the orc.
You kill the orc!
The orc wizard misses you.
You hit the orc wizard but do no damage.
Your grab misses the orc wizard. Your squeeze misses the orc wizard.
The orc wizard mumbles some strange words.
The orc wizard flickers and vanishes!
Deactivating autopickup; reactivate with Ctrl-A.
You hit something. You squeeze something. The orc hits you but does no damage.
A goblin comes into view. It is wielding a +0 club.
Something hits you.
HP[-4]
You take 4 damage, and now have 33/37 hp.
You whack the orc!
You kill the orc!
Something hits you but does no damage.
You hit the orc. You grab the orc. You constrict the orc. Something hits you.
The orc closely misses you.
HP[-3]
You take 3 damage, and now have 30/37 hp.
You hit the orc but do no damage. You squeeze the orc.
You kill the orc!
Something barely misses you.
You hit the orc. You grab the orc. You squeeze the orc.
You kill the orc!
The goblin unwields a +0 club.
The goblin wields a +0 sling.
The goblin shoots a sling bullet.
The sling bullet barely misses you.
You hear some strange, mumbled words.
Something tries to affect you, but you resist.
The goblin shoots a sling bullet.
The sling bullet misses you.
Items here: ))) [[ †.
The goblin shoots a sling bullet.
The sling bullet misses you.
The goblin unwields a +0 sling.
The goblin wields a +0 club.
The goblin barely misses you.
A magic dart appears from out of thin air!
The magic dart hits you!
A quokka comes into view.
You hit the goblin.
You kill the goblin!
HP[-7]
You take 7 damage, and now have 23/37 hp.
Things that are here:
a +0 club {mace}; a +0 sling The quokka bites you.
HP[-2]
You take 2 damage, and now have 21/37 hp.
You whack the quokka!
You kill the quokka!
Something hits you but does no damage.
Your Fighting skill increases to level 4!
No target in view!
No target in view!
No target in view!
No target in view!
No target in view!
No target in view!
No target in view!
No target in view!
No target in view!
No target in view!
No target in view!
No target in view!
No target in view!
No target in view!
You closely miss something. Something hits you.
HP[-2]
You take 2 damage, and now have 19/37 hp.
You closely miss something. Your squeeze misses something. Something hits you.
* * * LOW HITPOINT WARNING * * *
HP[-3]
You take 3 damage, and now have 16/37 hp.
You barely miss something. Something hits you.
* * * LOW HITPOINT WARNING * * *
HP[-2]
You take 2 damage, and now have 14/37 hp.
You hit something.
Your tentacle-slap misses something.
Something hits you.
* * * LOW HITPOINT WARNING * * *
HP[-2]
You take 2 damage, and now have 12/37 hp.
You hit something. Your squeeze misses something. Something hits you.
* * * LOW HITPOINT WARNING * * *
HP[-4]
You take 4 damage, and now have 8/37 hp.
You closely miss something. Something hits you.
* * * LOW HITPOINT WARNING * * *
Something hits you.
* * * LOW HITPOINT WARNING * * *
HP[-7]
You take 7 damage, and now have 1/37 hp.
You hit something. You squeeze something. Something hits you.
You die...

Skill      XL: |  1  2  3  4  5 |
---------------+----------------+-----
Stealth        | 2 3 5 |  5.0
Fighting       | 2 4 |  4.0
Dodging        | |  2.0
Unarmed Combat | |  3.0
Shapeshifting  | |  3.0

Action                     |  1- 3 |  4- 6 || total
---------------------------+-------+-------++-------
  Melee: Unarmed           |    30 |       ||    30
         Constrict         |    21 |    10 ||    31
         Tentacles         |    16 |     9 ||    25
         Whip              |    39 |    41 ||    80
         Punch             |     2 |     2 ||     4
   Stab: Sleeping          |     8 |       ||     8
 Armour: Skin              |    22 |    27 ||    49
  Dodge: Dodged            |    34 |    21 ||    55

Levels and vault maps discovered:
D:1:      roderic_crop_circles_arrival_small, layout_loops_corners,
          grunt_decor_fettered
D:2:      layout_basic, ebering_ecumenical_altar_webs, grunt_decor_one_mirror,
          uniq_natasha, uniq_jessica, uniq_terence
D:3:      layout_basic, mainiacjoe_overflow_concentric_impassable, serial_shops,
          shop, serial_bayou, serial_bayou_shore_a, serial_bayou_shore_b,
          serial_bayou_pond_a, serial_bayou_lagoon_a

Notes
Turn   | Place    | Note
-------+----------+-------------------------------------------
     0 | D:1      | zeratav the Octopode Shapeshifter began the quest for the
                  | Orb.
     0 | D:1      | Reached XP level 1. HP: 13/13 MP: 1/1
     0 | D:1      | magus.rc [v1.9.6]
    26 | D:1      | Reached skill level 1 in Stealth
   106 | D:1      | Reached skill level 2 in Stealth
   134 | D:1      | Reached XP level 2. HP: 18/18 MP: 2/2
   361 | D:1      | Reached skill level 3 in Stealth
   764 | D:1      | HP: 1/18 [hobgoblin (4)]
   985 | D:2      | Found a faded altar of an unknown god.
   992 | D:2      | Reached XP level 3. HP: 23/23 MP: 3/3
   993 | D:2      | Reached skill level 4 in Stealth
  1170 | D:2      | Noticed Terence
  1178 | D:2      | Killed Terence
  1179 | D:2      | Reached skill level 5 in Stealth
  1179 | D:2      | Reached XP level 4. HP: 15/28 MP: 4/4
  1278 | D:2      | Noticed Natasha
  1287 | D:2      | Noticed Jessica
  1288 | D:2      | Killed Natasha
  1289 | D:2      | Reached skill level 2 in Fighting
  1293 | D:2      | Killed Jessica
  1294 | D:2      | Reached XP level 5. HP: 32/36 MP: 5/5
  1334 | D:2      | Noticed Natasha
  1341 | D:2      | Killed Natasha
  1342 | D:2      | Reached skill level 3 in Fighting
  1367 | D:2      | Noticed Natasha
  1372 | D:2      | Killed Natasha
  1742 | D:3      | Reached skill level 4 in Fighting
  1746 | D:3      | HP: 8/37 [something (4)]
  1747 | D:3      | HP: 1/37 [something (4)]
  1748 | D:3      | Slain by an orc wizard

Vanquished Creatures
  Jessica (D:2)
  Natasha (thrice) (D:2)
  Terence (D:2)
  An adder (D:2)
  3 dart slugs (D:2)
  4 orcs (D:3)
  3 ball pythons
  2 endoplasms (D:1)
  2 giant cockroaches
  5 goblins
  4 hobgoblins (D:1)
  3 quokkas
  4 bats
  3 frilled lizards
  8 kobolds
  3 rats
50 creatures vanquished.

Table legend:
 A = Non-vault XP
 B = Vault XP
 C = Vault XP percentage of total XP
 D = Non-vault monster count
 E = Vault monster count
 F = Vault count percentage of total count
                 A         B        C        D         E       F
            +---------+---------+-------+---------+---------+-------
      Total |     161 |     109 |  40.4 |      47 |       3 |   6.0
            +---------+---------+-------+---------+---------+-------
        D:1 |      33 |       0 |   0.0 |      21 |       0 |   0.0
        D:2 |     112 |     109 |  49.3 |      20 |       3 |  13.0
        D:3 |      16 |       0 |   0.0 |       6 |       0 |   0.0
            +---------+---------+-------+---------+---------+-------

Skill      XL: |  1  2  3  4  5 |
---------------+----------------+-----
Stealth        | 2 3 5 |  5.0
Fighting       | 2 4 |  4.0
Dodging        | |  2.0
Unarmed Combat | |  3.0
Shapeshifting  | |  3.0

Action                     |  1- 3 |  4- 6 || total
---------------------------+-------+-------++-------
  Melee: Unarmed           |    30 |       ||    30
         Constrict         |    21 |    10 ||    31
         Tentacles         |    16 |     9 ||    25
         Whip              |    39 |    41 ||    80
         Punch             |     2 |     2 ||     4
   Stab: Sleeping          |     8 |       ||     8
 Armour: Skin              |    22 |    27 ||    49
  Dodge: Dodged            |    34 |    21 ||    55

Illustrated notes

Table legend:
 A = Kills in this place as a percentage of kills in the entire game.
 B = Kills by you in this place as a percentage of kills by you in the entire game.
 C = Kills by friends in this place as a percentage of kills by friends in the entire game.
 D = Other kills in this place as a percentage of other kills in the entire game.
 E = Experience gained in this place as a percentage of experience gained in the entire game.
 F = Experience gained in this place divided by the number of levels of this place that you have seen.
                   A       B       C       D       E      F
               +-------+-------+-------+-------+-------+----------------------
         Total | 100.0 | 100.0 |   N/A |   N/A | 100.0 |  90.0
       Dungeon | 100.0 | 100.0 |   N/A |   N/A | 100.0 |  90.0
               +-------+-------+-------+-------+-------+----------------------

Table legend: (Time is in decaauts)
 A = Elapsed time spent in this place.
 B = Non-inter-level travel time spent in this place.
 C = Inter-level travel time spent in this place.
 D = Time resting spent in this place.
 E = Time spent auto-exploring this place.
 F = Levels seen in this place.
 G = Mean time per level.
                   A        B        C        D        E       F      G
               +--------+--------+--------+--------+--------+-----+--------+
         Total |   1753 |   1664 |     89 |    117 |   1234 |   3 |  584.3 |
       Dungeon |   1753 |   1664 |     89 |    117 |   1234 |   3 |  584.3 |
               +--------+--------+--------+--------+--------+-----+--------+

Top non-repeatable levels by time:
     D:1: 975 daAuts
     D:2: 729 daAuts
     D:3: 49 daAuts
